 Dungeon Crawl Stone Soup version 0.23.1 (webtiles) character file.

Game seed: 10314542543173107442

75639 PikkenKukken the Bludgeoner (level 15, -5/228 HPs)
             Began as a Troll Berserker on Mar 10, 2019.
             Was a High Priest of Trog.
             Slain by a bog body (12 damage)
             ... on level 2 of the Swamp.
             The game lasted 00:56:11 (20152 turns).

PikkenKukken the Bludgeoner (Troll Berserker)      Turns: 20152, Time: 00:56:12

Health: -5/228     AC: 15    Str: 34    XL:     15   Next: 10%
Magic:  0/22       EV: 15    Int:  5    God:    Trog [*****.]
Gold:   961        SH:  0    Dex: 12    Spells: 14/14 levels left

rFire    . . .     SeeInvis .   A - +0 giant club (freeze)
rCold    . . .     Gourm    +   (shield currently unavailable)
rNeg     . . .     Faith    .   P - +4 moon troll leather armour {Spirit, Regen++ MP+5}
rPois    +         Spirit   +   (helmet restricted)
rElec    .         Reflect  .   i - +2 cloak
rCorr    .         Harm     .   (gloves unavailable)
MR       +....                  (boots unavailable)
Stlth    ..........             K - amulet of regeneration
HPRegen  2.08/turn              J - ring of poison resistance
MPRegen  0.18/turn              p - +5 ring of slaying

@: berserking (expiring), very quick
A: large, unfitting armour, claws 3, fast metabolism 3, gourmand, regeneration
1, shaggy fur 1, tough skin 3
a: Berserk, Trog's Hand, Brothers in Arms, Renounce Religion


You were on level 2 of the Swamp.
You worshipped Trog.
Trog was extremely pleased with you.
You were full.

You visited 4 branches of the dungeon, and saw 21 of its levels.
You also visited: Sewer.

You collected 2595 gold pieces.
You spent 1634 gold pieces at shops.

Inventory:

Hand Weapons
 a - a +1 mace
 r - a +0 giant spiked club
 A - a +0 giant club of freezing (weapon)
 M - a +5 antimagic great mace
Missiles
 B - 12 large rocks (quivered)
 D - 7 javelins of penetration
 R - 2 poisoned javelins
Armour
 i - a +2 cloak (worn)
 P - the +4 moon troll leather armour (worn) {Spirit, Regen++ MP+5}
   (You bought it in a shop on level 6 of the Dungeon)

   It affects your magic capacity (+5).
   It increases your rate of regeneration.
Jewellery
 d - an uncursed ring of protection from fire
 l - an uncursed ring of protection from cold
 p - a +5 ring of slaying (right claw)
 u - an uncursed ring of positive energy
 J - a ring of poison resistance (left claw)
 K - an amulet of regeneration (around neck)
 L - an uncursed ring of see invisible
 N - the ring "Tojirph" {rF+ MR+}
   (You found it on level 11 of the Dungeon)

   [ring of protection from magic]

   It protects you from fire.
   It affects your resistance to hostile enchantments.
Wands
 s - a wand of enslavement (11)
 G - a wand of iceblast (5)
 Q - a wand of clouds (4)
Scrolls
 k - 2 scrolls of fear
 o - 14 scrolls of teleportation
 q - 11 scrolls of remove curse
 w - a scroll of magic mapping
 y - 6 scrolls of enchant armour
 I - 3 scrolls of fog
 O - 2 scrolls of blinking
 S - 2 scrolls of enchant weapon
Potions
 e - 3 potions of might
 f - 9 potions of curing
 g - a potion of mutation {unknown}
 h - 2 potions of magic {unknown}
 j - 4 potions of lignification {unknown}
 m - 2 potions of resistance {unknown}
 n - 7 potions of heal wounds
 t - 2 potions of agility
 v - 2 potions of berserk rage {unknown}
 x - 6 potions of flight
 z - 3 potions of brilliance
 C - 2 potions of haste {unknown}
 F - 2 potions of cancellation
Comestibles
 c - 30 rations


   Skills:
 + Level 10.5 Fighting
 * Level 15.1 Maces & Flails
 + Level 10.5 Throwing
 + Level 10.5 Dodging
 - Level 5.0 Evocations


You had 14 spell levels left.
You didn't know any spells.
Your spell library was empty.

Dungeon Overview and Level Annotations

Branches:
Dungeon (11/15)            Temple (0/1) D:7            Lair (6/6) D:11
  Swamp (2/4) Lair:2       Spider (0/4) Lair:3        Slime (0/5) Lair:5
    Orc (2/2) D:10            Elf (0/3) Orc:2

Altars:
Ashenzari
Cheibriados
Dithmenos
Elyvilon
Fedhas
Kikubaaqudgha
Makhleb
Nemelex Xobeh
Okawaru
Trog
Uskayaw
Vehumet
Xom
Zin
The Shining One
Beogh

Shops:
D:6 [   Orc:2 %(*=!

Annotations:
Lair:2 exclusion: oklob plant
Lair:5 exclusion: 2 oklob plants


Innate Abilities, Weirdness & Mutations

You are too large for most types of armour.
You have claws for hands.
Your metabolism is lightning-fast.
You like to eat raw meat.
Your natural rate of healing is unusually fast.
You are covered in fur. (AC +1)
You have extremely tough skin. (AC +3)


Message History

The spriggan rider is severely wounded.
The bog body hits you.
* * * LOW HITPOINT WARNING * * *
The bog body barely misses you.
Unknown command.
The spriggan rider blocks your attack.
The spriggan rider is severely wounded.
The spriggan rider hits you with a +0 spear!
* * * LOW HITPOINT WARNING * * *
The bog body gestures at you while chanting.
You easily resist.
Unknown command.
You bludgeon the spriggan rider!! You freeze the spriggan rider.
You kill the spriggan rider!
Trog accepts your kill.
You kill the hornet!
Trog accepts your kill.
You hear a splash. x2
You barely miss the bog body. The bog body hits you!
You die...

..§≈≈ ♣♣
♣♣♣♣.≈≈≈.
♣♣≈♣♣♣≈≈♣.≈≈≈.
♣♣§........≈≈≈.
♣≈.≈≈≈≈?..≈≈≈≈.
♣..♣.≈≈..≈≈≈..
♣...≈n).......
♣≈..@)≈.≈♣.
♣♣<.≈≈≈..≈.≈
♣♣≈.≈...≈.≈
♣≈≈....♣≈≈
......≈♣ .
≈.....♣♣♣
≈..._..♣
≈.......§
≈≈≈......≈≈


You could see a bog body.

Vanquished Creatures
  Rupert (Lair:5)
  3 catoblepae (Lair:6)
  10 hydras
  2 alligators
  16 death yaks
  Erica (Lair:1)
  3 two-headed ogres
  An orc high priest (Orc:1)
  Urug (Lair:5)
  2 swamp dragons (Swamp:1)
  3 unseen horrors
  A flayed ghost (D:11)
  2 orc knights
  4 orc sorcerers
  2 manticores (Lair:6)
  A cyclops (Orc:1)
  An ugly thing (D:11)
  2 black mambas
  3 elephants (Lair:6)
  9 spiny frogs
  A rime drake (Lair:1)
  A kobold demonologist (D:8)
  8 komodo dragons
  A jumping spider (Lair:3)
  4 trolls
  Prince Ribbit (D:9)
  4 tyrant leeches
  4 hornets
  5 bog bodies
  12 blink frogs
  6 hippogriffs
  4 dream sheep (Lair:6)
  A slime creature (Lair:4)
  3 shadows
  5 wraiths (D:11)
  3 basilisks
  4 spriggans
  2 wyverns
  41 yaks
  A fire bat (D:11)
  2 vampire mosquitoes (Lair:2)
  2 hungry ghosts
  A swamp worm (Swamp:1)
  A warg (Orc:1)
  8 water moccasins
  11 porcupines
  A swamp drake (Lair:2)
  4 ice beasts
  27 orc warriors
  5 sky beasts
  4 black bears
  2 necrophages
  11 centaurs
  8 ogres
  4 phantoms
  8 wolves
  10 crocodiles
  13 big kobolds
  13 bullfrogs
  6 scorpions
  3 killer bees (D:11)
  3 wights (D:7)
  3 crimson imps
  A quasit (D:10)
  3 bullfrog zombies
  11 jellies
  28 orc priests
  7 hounds
  3 bullfrog skeletons
  31 orc wizards
  11 iguanas
  2 worker ants
  A merfolk siren (Sewer)
  A merfolk avatar (Sewer)
  3 hound zombies
  2 hound skeletons
  3 worker ant zombies
  Robin (D:2)
  7 gnolls
  A river rat (Sewer)
  14 adders
  3 shadow imps
  14 oozes
  An adder zombie (D:6)
  2 worms (D:2)
  An adder skeleton (D:5)
  2 dart slugs
  7 leopard geckos
  85 orcs
  10 ball pythons
  7 giant cockroaches
  15 goblins
  12 hobgoblins
  6 jackals
  5 quokkas
  15 bats
  8 frilled lizards
  36 kobolds
  A quokka skeleton (D:6)
  29 rats
718 creatures vanquished.

Vanquished Creatures (collateral kills)
  Nessos (Lair:5)
  Harold (D:9)
  8 death yaks
  An orc sorcerer (Orc:2)
  Joseph (D:7)
  A black mamba (Lair:5)
  A yak (Lair:5)
  A sky beast (D:10)
  3 orc warriors
  A bullfrog zombie (D:11)
  An orc priest (D:10)
  20 orcs
40 creatures vanquished.

Vanquished Creatures (others)
  An orc priest (Orc:1)
  8 fungi
  9 plants
18 creatures vanquished.

Grand Total: 776 creatures vanquished

Notes
Turn   | Place    | Note
-------+----------+-------------------------------------------
     0 | D:1      | PikkenKukken the Troll Berserker began the quest for the
                  | Orb.
     0 | D:1      | Reached XP level 1. HP: 22/22 MP: 0/0
    94 | D:1      | Reached skill level 3 in Maces & Flails
   111 | D:1      | Reached XP level 2. HP: 29/29 MP: 1/1
   319 | D:1      | Reached ** piety under Trog
   559 | D:1      | Reached XP level 3. HP: 35/36 MP: 2/2
   812 | D:2      | Reached XP level 4. HP: 38/44 MP: 3/3
   948 | D:2      | Noticed Robin
   964 | D:2      | Killed Robin
   964 | D:2      | Reached skill level 4 in Maces & Flails
  1041 | D:2      | Reached *** piety under Trog
  1051 | D:2      | Reached XP level 5. HP: 51/53 MP: 4/4
  1077 | D:2      | Found an ancient bone altar of Kikubaaqudgha.
  1234 | D:2      | Found a shimmering altar of Xom.
  1902 | D:3      | Reached XP level 6. HP: 61/61 MP: 5/5
  2085 | D:4      | Found a radiant altar of Vehumet.
  2094 | D:4      | Reached skill level 5 in Maces & Flails
  2203 | D:4      | Found a glowing drain.
  2215 | Sewer    | Entered a sewer
  2275 | Sewer    | Reached **** piety under Trog
  2471 | Sewer    | Reached XP level 7. HP: 67/68 MP: 6/6
  2668 | D:4      | Found a snail-covered altar of Cheibriados.
  2830 | D:5      | Entered Level 5 of the Dungeon
  2869 | D:5      | Reached skill level 1 in Throwing
  2956 | D:5      | Reached skill level 1 in Evocations
  3161 | D:5      | Found a glowing golden altar of the Shining One.
  3288 | D:5      | Reached skill level 6 in Maces & Flails
  3399 | D:5      | Reached XP level 8. HP: 79/79 MP: 6/8
  3492 | D:5      | Reached ***** piety under Trog
  3761 | D:6      | Found Povomai's Antique Armour Emporium.
  4175 | D:6      | Reached skill level 7 in Maces & Flails
  4730 | D:7      | Received a gift from Trog
  4730 | D:7      | Reached skill level 5 in Fighting
  4735 | D:7      | Reached XP level 9. HP: 88/88 MP: 9/9
  4740 | D:7      | Reached skill level 5 in Dodging
  4751 | D:7      | Found a white marble altar of Elyvilon.
  4759 | D:7      | Found a burning altar of Makhleb.
  5092 | D:7      | Found a sparkling altar of Nemelex Xobeh.
  5153 | D:7      | Found a staircase to the Ecumenical Temple.
  5168 | D:7      | Noticed Joseph
  5324 | D:7      | Killed Joseph
  5324 | D:7      | Reached skill level 8 in Maces & Flails
  5618 | D:8      | Found a blossoming altar of Fedhas.
  5719 | D:8      | Found a hide-covered altar of Uskayaw.
  5721 | D:8      | Found an iron altar of Okawaru.
  5871 | D:8      | Noticed a kobold demonologist
  5897 | D:8      | Killed a kobold demonologist
  5897 | D:8      | Reached XP level 10. HP: 84/98 MP: 11/11
  5932 | D:8      | Received a gift from Trog
  6033 | D:8      | Found a shattered altar of Ashenzari.
  6212 | D:8      | Reached skill level 9 in Maces & Flails
  6333 | D:9      | Noticed Prince Ribbit
  6338 | D:9      | Killed Prince Ribbit
  6546 | D:9      | Reached skill level 5 in Throwing
  6574 | D:9      | You fall through a shaft!
  6574 | D:10     | Entered Level 10 of the Dungeon
  6574 | D:10     | Noticed a two-headed ogre
  6577 | D:10     | Killed a two-headed ogre
  6821 | D:9      | Noticed a two-headed ogre
  6829 | D:9      | Killed a two-headed ogre
  6998 | D:9      | Noticed a two-headed ogre
  7003 | D:9      | Killed a two-headed ogre
  7097 | D:9      | Noticed Harold
  7101 | D:9      | Killed Harold
  7234 | D:10     | Found a roughly hewn altar of Beogh.
  7234 | D:10     | Found a staircase to the Orcish Mines.
  7235 | D:10     | Noticed an orc knight
  7264 | D:10     | Killed an unseen horror
  7264 | D:10     | Reached XP level 11. HP: 107/107 MP: 13/13
  7323 | D:10     | Reached skill level 10 in Maces & Flails
  7577 | D:10     | Received a gift from Trog
  7878 | D:10     | Killed an orc knight
  7934 | D:10     | Received a gift from Trog
  8326 | D:10     | Killed an unseen horror
  8400 | D:10     | Reached skill level 5 in Evocations
  8963 | D:11     | Received a gift from Trog
  9077 | D:11     | Noticed an unseen horror
  9080 | D:11     | Killed an unseen horror
  9289 | D:11     | Noticed a red ugly thing
  9294 | D:11     | Killed a red ugly thing
  9355 | D:11     | Noticed a death yak
  9355 | D:11     | Noticed a death yak
  9370 | D:11     | Killed a death yak
  9370 | D:11     | Reached skill level 11 in Maces & Flails
  9422 | D:11     | Killed a death yak
  9464 | D:11     | Found a staircase to the Lair.
  9468 | D:11     | Noticed a death yak
  9468 | D:11     | Noticed a death yak
  9468 | D:11     | Noticed a death yak
  9498 | D:11     | Killed a death yak
  9502 | D:11     | Reached XP level 12. HP: 118/118 MP: 14/14
  9546 | D:11     | Killed a death yak
  9597 | D:11     | Killed a death yak
  9769 | D:11     | Found a bloodstained altar of Trog.
  9784 | D:11     | Found a runed translucent door.
  9813 | D:11     | Got a slimy glass ring
  9818 | D:11     | Identified the ring "Tojirph" {rF+ MR+} (You found it on
                  | level 11 of the Dungeon)
  9835 | D:11     | Found a shadowy altar of Dithmenos.
  9852 | D:11     | Found a shimmering altar of Xom.
  9940 | D:11     | Found a bloodstained altar of Trog.
  9972 | D:11     | Found a shimmering altar of Xom.
  9994 | D:11     | Found a hide-covered altar of Uskayaw.
 10032 | Lair:1   | Entered Level 1 of the Lair of Beasts
 10032 | Lair:1   | Noticed Erica
 10037 | Lair:1   | Killed Erica
 10059 | Lair:1   | You fall through a shaft!
 10440 | Lair:1   | Reached skill level 12 in Maces & Flails
 11631 | Lair:2   | Found a staircase to the Swamp.
 12119 | Lair:3   | Reached XP level 13. HP: 103/128 MP: 15/15
 12370 | Lair:3   | Found a hole to the Spider Nest.
 13226 | Lair:4   | Received a gift from Trog
 13666 | Lair:5   | Noticed Urug
 13684 | Lair:5   | Killed Urug
 13733 | Lair:5   | Reached skill level 13 in Maces & Flails
 13734 | Lair:5   | Received a gift from Trog
 14079 | Lair:5   | Noticed Rupert
 14098 | Lair:5   | Killed Rupert
 14317 | Lair:5   | Noticed Nessos
 14321 | Lair:5   | Killed Nessos
 14660 | Lair:5   | Found a staircase to the Slime Pits.
 14885 | D:6      | Bought the +4 moon troll leather armour {Spirit, Regen++
                  | MP+5} for 1035 gold pieces
 14885 | D:6      | Found the +4 moon troll leather armour {Spirit, Regen++
                  | MP+5}
 15070 | Lair:6   | Entered Level 6 of the Lair of Beasts
 15270 | Lair:6   | Reached XP level 14. HP: 140/140 MP: 16/16
 15293 | Lair:6   | Found a bloodstained altar of Trog.
 15447 | Lair:6   | Received a gift from Trog
 15506 | Lair:6   | Reached skill level 14 in Maces & Flails
 16400 | Lair:6   | Reached skill level 10 in Fighting
 16400 | Lair:6   | Reached skill level 10 in Dodging
 16472 | Lair:6   | Reached skill level 10 in Throwing
 16714 | Orc:1    | Entered Level 1 of the Orcish Mines
 17165 | Orc:2    | Entered Level 2 of the Orcish Mines
 17823 | Orc:2    | Found Ciusaips's Distillery.
 17831 | Orc:2    | Bought a potion of degeneration for 17 gold pieces
 17867 | Orc:2    | Found a staircase to the Elven Halls.
 17888 | Orc:2    | Received a gift from Trog
 18509 | Orc:2    | Found Esefuqe's Jewellery Shoppe.
 18509 | Orc:2    | Found Jakatak's Food Emporium.
 18509 | Orc:2    | Found Tuijuac's General Store.
 18513 | Orc:2    | Found Bonorid's Antique Weapon Emporium.
 18518 | Orc:2    | Bought a scroll of teleportation for 42 gold pieces
 18521 | Orc:2    | Bought an uncursed amulet of regeneration for 540 gold
                  | pieces
 18857 | Swamp:1  | Entered Level 1 of the Swamp
 19358 | Swamp:1  | Reached skill level 15 in Maces & Flails
 19492 | Swamp:1  | Reached XP level 15. HP: 150/152 MP: 17/17
 19634 | Swamp:1  | Received a gift from Trog
 20118 | Swamp:2  | Found a glowing silver altar of Zin.
 20131 | Swamp:2  | Paralysed by a hornet for 2 turns
 20150 | Swamp:2  | HP: 4/228 [spriggan rider/+0 spear (10)]
 20152 | Swamp:2  | Slain by a bog body

Skill      XL: |  1  2  3  4  5  6  7  8  9 10 11 12 13 14 |
---------------+-------------------------------------------+-----
Maces & Flails | 3 4 5 6 7 8 9 11 12 13 15 | 15.1
Fighting       | 3 4 5 6 7 8 9 10 | 10.5
Dodging        | 3 4 5 6 7 8 9 10 | 10.5
Throwing       | 1 3 4 5 6 8 9 10 | 10.5
Evocations     | 1 2 3 4 5 |  5.0

Action                   |  1- 3 |  4- 6 |  7- 9 | 10-12 | 13-15 || total
-------------------------+-------+-------+-------+-------+-------++-------
Melee: Mace              |   104 |   234 |   120 |       |       ||   458
       Giant club        |       |       |   181 |   618 |   630 ||  1429
Throw: Stone             |       |       |     6 |       |       ||     6
       Large rock        |       |       |     2 |    27 |   136 ||   165
       Javelin           |       |       |       |       |     4 ||     4
Invok: Berserk           |     2 |     6 |    12 |    19 |    17 ||    56
       Trog's Hand       |       |     2 |     4 |     4 |    11 ||    21
       Brothers in Arms  |       |       |     2 |     7 |     8 ||    17
Evoke: Wand              |       |       |       |       |     1 ||     1
  Use: Scroll            |     5 |     2 |     7 |    11 |     5 ||    30
       Potion            |       |       |     1 |       |       ||     1
 Stab: Distracted        |       |       |       |       |     1 ||     1
       Petrified         |       |       |       |       |     1 ||     1
  Eat: Chunk             |    14 |    23 |    34 |    76 |    82 ||   229
       Ration            |       |       |     4 |     1 |     5 ||    10
Armor: Animal skin       |    52 |    85 |   127 |   185 |       ||   449
       Troll leather arm |       |       |       |    91 |   253 ||   344
Dodge: Dodged            |    78 |   125 |   216 |   439 |   449 ||  1307
